 Dungeon Crawl Stone Soup version 0.18.1-48-g4cf74bf (webtiles) character file.

348 negitausen the Skirmisher (level 6, -4/75 HPs)
             Began as a Demonspawn Berserker on Sept 11, 2016.
             Was a Priest of Trog.
             Slain by a gnoll (7 damage)
             ... on level 4 of the Dungeon.
             The game lasted 00:17:50 (1824 turns).

negitausen the Skirmisher (Demonspawn Berserker)    Turns: 1824, Time: 00:17:51

Health: -4/75      AC:  5    Str: 25    XL:     6   Next: 33%
Magic:  6/6        EV: 13    Int:  8    God:    Trog [***...]
Gold:   210        SH:  0    Dex: 14    Spells: 0 memorised, 5 levels left

rFire  . . .     SeeInvis .     i - -3 mace (curse)
rCold  + . .     Gourm    .     f - +0 leather armour (curse)
rNeg   . . .     Faith    +     (no shield)
rPois  .         Spirit   .     (helmet unavailable)
rElec  .         Dismiss  .     h - +1 cloak
rCorr  .         Reflect  .     (no gloves)
SustAt .         Harm     .     (no boots)
MR     .....                    q - amulet of faith
Stlth  ..........               (no ring)
                                w - ring of protection from cold

@: mighty, berserking, glowing, very quick, not resistant to hostile
enchantments, extremely unstealthy
A: horns 3, thin skeletal structure 1
a: Berserk, Trog's Hand, Burn Spellbooks, Renounce Religion


You were on level 4 of the Dungeon.
You worshipped Trog.
Trog was most pleased with you.
You were not hungry.

You visited 1 branch of the dungeon, and saw 4 of its levels.

You collected 210 gold pieces.

Inventory:

Hand Weapons
 a - a +1 falchion
 g - a +2 quarterstaff of chaos
 i - a cursed -3 mace (weapon)
Missiles
 d - 57 arrows
 e - 3 stones (quivered)
 u - 7 sling bullets
 v - 25 bolts
Armour
 b - a +0 animal skin
 f - a cursed +0 leather armour (worn)
 h - a +1 cloak (worn)
 j - a +0 leather armour
 m - a +0 ring mail
 p - a +0 scale mail
Jewellery
 q - an amulet of faith (around neck)
 w - a ring of protection from cold (left hand)
Scrolls
 n - 3 scrolls of identify
 r - a scroll of teleportation
Potions
 s - a potion of curing
Comestibles
 c - 3 bread rations
 k - a meat ration
 l - 2 fruits
 t - a beef jerky


   Skills:
 + Level 4.8 Fighting
 + Level 3.5 Long Blades
 + Level 0.5 Maces & Flails
 + Level 2.2 Armour
 + Level 3.9 Dodging
 + Level 1.1 Stealth


You had 5 spell levels left.
You didn't know any spells.

Dungeon Overview and Level Annotations

Branches:
Dungeon (4/15)
 Temple: D:4-7

Altars:
Okawaru
Vehumet
Xom


Innate Abilities, Weirdness & Mutations

You have a pair of large horns on your head.
You have a somewhat thin skeletal structure (Dex +2, Stealth).


Message History

The gnoll shaman mumbles some strange prayers to its god against you.
You are outlined in light.
You completely miss the gnoll shaman. The gnoll barely misses you.
The gnoll hits you.
* * * LOW HITPOINT WARNING * * *
The gnoll shaman calls upon its god to speed up the gnoll.
The gnoll seems to speed up.
The gnoll hits you with a club.
* * * LOW HITPOINT WARNING * * *
You hit the gnoll shaman.
The gnoll shaman is moderately wounded.
The gnoll misses you. The gnoll closely misses you.
The gnoll shaman hits you but does no damage.
The gnoll hits you with a club!
* * * LOW HITPOINT WARNING * * *
You are too berserk!
You are too berserk!
You hit the gnoll shaman.
The gnoll shaman is heavily wounded.
The gnoll hits you!
You die...

...# ## #### #.....# .#
#.....# .# . #.....# .#
.. .###.....# ##
..#...... ..# #
....##.##.# #
##.#>##gg.(# #######
#....)g@#..#
......####..#.##g#..#
................g...#
#####.##.#..#......#####
# #..........#.......# #
#.##....##.#..####.# #
#.##.#........#### #
#.##.##.##...........
...........##.##.#.##


You could see a gnoll shaman and 4 gnolls.

Vanquished Creatures
  The ghost of Arcadio the Sneak, an amateur VSEn (D:3)
  An orc priest (D:4)
  A hound (D:4)
  An orc wizard (D:4)
  Crazy Yiuf (D:2)
  Ijyb (D:3)
  Terence (D:3)
  A gnoll (D:4)
  An adder (D:3)
  An ooze (D:2)
  A dart slug (D:2)
  A worm (D:3)
  4 orcs
  2 ball pythons (D:1)
  4 giant cockroaches
  6 goblins
  2 hobgoblins (D:1)
  7 jackals
  5 kobolds
  A quokka (D:4)
  6 bats
  4 giant newts
  A jackal skeleton (D:4)
  5 rats
59 creatures vanquished.

Notes
Turn   | Place    | Note
--------------------------------------------------------------
     0 | D:1      | negitausen the Demonspawn Berserker began the quest for the Orb.
     0 | D:1      | Reached XP level 1. HP: 18/18 MP: 1/1
    10 | D:1      | Noticed an electric eel
   137 | D:1      | Gained mutation: You have a pair of small horns on your head. [demonic ancestry]
   137 | D:1      | Reached XP level 2. HP: 23/24 MP: 2/2
   408 | D:2      | Reached ** piety under Trog
   463 | D:2      | Noticed Crazy Yiuf
   472 | D:2      | Killed Crazy Yiuf
   472 | D:2      | Gained mutation: You have a pair of horns on your head. [demonic ancestry]
   472 | D:2      | Reached XP level 3. HP: 13/30 MP: 3/3
   643 | D:2      | Found a shimmering altar of Xom.
   754 | D:2      | Found a radiant altar of Vehumet.
  1175 | D:3      | Noticed Arcadio's ghost (amateur VSEn)
  1197 | D:3      | Killed Arcadio's ghost
  1197 | D:3      | Reached skill level 4 in Fighting
  1197 | D:3      | Gained mutation: You have a somewhat thin skeletal structure (Dex +2, Stealth). [demonic ancestry]
  1197 | D:3      | Reached XP level 4. HP: 12/38 MP: 4/4
  1197 | D:3      | Reached XP level 5. HP: 14/43 MP: 5/5
  1235 | D:3      | Noticed Terence
  1240 | D:3      | Killed Terence
  1428 | D:3      | Found an iron altar of Okawaru.
  1429 | D:3      | Noticed Ijyb
  1473 | D:3      | Killed Ijyb
  1732 | D:4      | Gained mutation: You have a pair of large horns on your head. [demonic ancestry]
  1732 | D:4      | Reached XP level 6. HP: 44/49 MP: 6/6
  1796 | D:4      | Reached skill level 1 in Stealth
  1801 | D:4      | Reached *** piety under Trog
  1823 | D:4      | HP: 3/75 [gnoll/club (10)]
  1824 | D:4      | Slain by a gnoll

Skill      XL: |  1  2  3  4  5  6 |
---------------+-------------------+-----
Dodging        | 2 3 |  3.9
Long Blades    | 3 |  3.5
Fighting       | 4 |  4.8
Armour         | 2 |  2.2
Stealth        | 1 |  1.1
Maces & Flails | |  0.5

Action                   |  1- 3 |  4- 6 || total
-------------------------+-------+-------++-------
Melee: Falchion          |    58 |       ||    58
       Headbutt          |    14 |    19 ||    33
       Mace              |    37 |   108 ||   145
Invok: Berserk           |       |     2 ||     2
  Use: Potion            |     3 |     2 ||     5
       Scroll            |     4 |     4 ||     8
 Stab: Sleeping          |       |     2 ||     2
  Eat: Fruit             |       |     2 ||     2
       Bread ration      |       |     1 ||     1
Armor: Animal skin       |     7 |       ||     7
       Leather armour    |    15 |    24 ||    39
Dodge: Dodged            |    64 |    94 ||   158
